 Dungeon Crawl Stone Soup version 0.28.0-45-g0d030f2227 (webtiles) character file.

Game seed: 6073638996936420158

1108 MalarOregon the Magician (level 8, -1/64 HPs)
             Began as a Palentonga Hedge Wizard on Apr 19, 2022.
             Was a Follower of the Shining One.
             Killed from afar by an orc wizard (11 damage)
             ... with a puff of flame
             ... on level 5 of the Dungeon.
             The game lasted 00:19:57 (9074 turns).

MalarOregon the Magician (Palentonga Hedge Wizard)  Turns: 9074, Time: 00:19:58

Health: -1/64      AC: 12    Str: 17    XL:     8   Next: 11%
Magic:  24/26      EV: 25    Int: 14    God:    the Shining One [*.....]
Gold:   153        SH:  0    Dex:  9    Spells: 9/19 levels left

rFire   . . .      SeeInvis +   k - +3 dagger of Sobleane {venom, MP+9}
rCold   . . .      Faith    .   (no shield)
rNeg    . . .      Spirit   .   b - +0 robe
rPois   .          Reflect  .   c - +0 hat
rElec   .          Harm     .   f - +0 cloak
rCorr   .          Rampage  .   (no gloves)
Will    .....                   (no barding)
Stlth   +.........              g - amulet of the acrobat
HPRegen 0.20/turn               (no ring)
MPRegen 0.20/turn               (no ring)

@: acrobatic, glowing, curled up
A: large, rugged brown scales 3, see invisible, deformed body, roll 1, armoured
tail, reflexive curl
a: Rolling Charge, Renounce Religion, Divine Shield


You were on level 5 of the Dungeon.
You worshipped the Shining One.
The Shining One was aware of your devotion.
You visited 2 branches of the dungeon, and saw 7 of its levels.

You collected 153 gold pieces.


Innate Abilities, Weirdness & Mutations

You are completely covered in rugged brown scales. (AC +3, +7% HP)
You have supernaturally acute eyesight. (SInv)
Armour fits poorly on your strangely shaped body.
You can roll at nearby foes to attack.
You have a long armoured tail.
You curl defensively after being hit. (AC +7*)


   Skills:
 + Level 4.2 Fighting
 + Level 3.9 Dodging
 - Level 1.2 Stealth
 + Level 3.2 Shields
 * Level 6.1 Spellcasting
 - Level 0.8 Conjurations
 - Level 0.7 Summonings
 - Level 1.0 Translocations


You had 9 spell levels left.
You knew the following spells:

 Your Spells              Type           Power      Damage    Failure   Level
a - Magic Dart            Conj           24%        1d4       11%         1
b - Blink                 Tloc           14%        N/A       16%         2
c - Scorch                Fire           8%         2d5       24%         2
f - Mephitic Cloud        Conj/Pois/Air  5%         N/A       38%         3
x - Call Imp              Summ           6%         N/A       17%         2

Your spell library contained the following spells:

 Spells                   Type           Power      Damage    Failure   Level
 Slow                     Hex            16%        N/A       16%         1
 Ensorcelled Hibernation  Hex/Ice        8%         N/A       24%         2
 Passwall                 Tmut/Erth      3%         N/A       24%         2
 Conjure Flame            Conj/Fire      5%         6-21      36%         3
 Swiftness                Air            4%         N/A       43%         3
 Flame Wave               Conj/Fire      5%         2d5       78%         4
 Summon Cactus Giant      Summ           3%         N/A       100%        6

Inventory:

Hand Weapons
 a - a +3 antimagic whip
   (You found it on level 4 of the Dungeon)
 k - the +3 dagger of Sobleane (weapon) {venom, MP+9}
   (You found it on level 3 of the Dungeon)

   It poisons the flesh of those it strikes.
   MP:        It affects your magic capacity (+9).
Missiles
 j - 20 poisoned darts (quivered)
Armour
 b - a +0 robe (worn)
 c - a +0 hat (worn)
 f - a +0 cloak (worn)
   (You found it on level 1 of the Dungeon)
Magical Staves
 h - a staff of poison
   (You found it on level 5 of the Dungeon)
Jewellery
 g - an amulet of the acrobat (around neck)
   (You found it on level 1 of the Dungeon)
 i - a ring of fire
   (You found it on level 5 of the Dungeon)
Wands
 d - a wand of iceblast (7)
   (You found it on level 4 of the Dungeon)
Scrolls
 m - 4 scrolls of teleportation {@r4}
 n - a scroll of vulnerability {unknown}
Potions
 e - 2 potions of degeneration {!q}
 l - a potion of attraction {!q}
 o - a potion of mutation {unknown}

Dungeon Overview and Level Annotations

Branches:
Dungeon (6/15)             Temple (1/1) D:4

Altars:
Ashenzari
Cheibriados
Dithmenos
Elyvilon
Fedhas
Gozag
Hepliaklqana
Kikubaaqudgha
Makhleb
Nemelex Xobeh
Okawaru
Qazlal
Ru
Sif Muna
Trog
Uskayaw
Vehumet
Wu Jian
Xom
Yredelemnul
Zin
The Shining One

Shops:
D:4

: ....# #.# #.# #.#
#.....
....####.#####.##
#o####.....
....##..........#
#...##.....
...###.....o....#
###.##..... ...#
#..........# #.##.....
...# #..........##
#o##..... ...#
#...........#
######o##..... ...#
#..........o#
#>.o...##..... #.##
#..........@#
#o#######.....
#.####...........# #.#
######
.................###.#
#......#######.#.....#
## #......# #.....####
#. #......# #.....# #.
#......# #.....# #.
#......# #.....# #.
#......######.....# #.


You could see an orc warrior (very poisoned) and an orc wizard (invisible).


Message History

Aim: a two-headed ogre, wielding a +0 giant spiked club and a +0 dire flail (severely wounded)
Okay, then.
Unknown command.
Casting: Call Imp (safe; 17% risk of failure)
Confirm with . or Enter, or press ? or * to list all spells.
Aiming: Mephitic Cloud (dangerous; 38% risk of failure)
Press: ? - help, Shift-Dir - straight line, f/p - two-headed ogre
Aim: a two-headed ogre, wielding a +0 giant spiked club and a +0 dire flail (severely wounded, chance to affect: 53%)
You miscast Mephitic Cloud.
You are very lightly contaminated with residual magic.
Nothing appears to happen.
You climb upwards.
There is a stone staircase leading down here.
Unknown command.
Your magical contamination has completely faded away.
Key pressed, stopping explore.
There is an open door here.
There is a stone staircase leading down here.
You climb downwards.
The orc hits you with a +0 short sword. The orc hits you but does no damage.
There is a stone staircase leading up here.
The orc hits you with a +0 short sword.
You climb upwards.
There is a stone staircase leading down here.
You hit the orc. The orc hits you but does no damage.
You hit the orc.
The orc is poisoned.
The orc hits you but does no damage.
You hit the orc but do no damage. The orc barely misses you.
You hit the orc but do no damage.
The orc looks as sick as possible!
The orc closely misses you.
You hit the orc but do no damage.
You kill the orc!
No target in view!
Key pressed, stopping explore.
Things that are here:
a +0 short sword; a +0 scale mail
There is an escape hatch in the ceiling here.
There is an open door here.
Things that are here:
5 stones; a +0 short sword
There is a stone staircase leading down here.
You climb downwards.
There is a stone staircase leading up here.
You see here a +0 buckler.
j - 16 poisoned darts (gained 1)
j - 17 poisoned darts (gained 1)
j - 18 poisoned darts (gained 1)
j - 19 poisoned darts (gained 1)
j - 20 poisoned darts (gained 1)
An orc is nearby!
An orc is nearby!
You hit the orc.
The orc is poisoned.
The orc barely misses you.
You barely miss the orc.
The orc shouts!
You hear a shout!
The orc barely misses you.
You hit the orc.
You kill the orc!
You see here a +0 flail.
You hit the orc. The orc hits you but does no damage.
You hit the orc.
You kill the orc!
Things that are here:
a +0 dagger; an orc corpse The orc warrior closely misses you.
You see here a +0 flail.
Casting: Mephitic Cloud (dangerous; 38% risk of failure)
Confirm with . or Enter, or press ? or * to list all spells.
Aiming: Mephitic Cloud (dangerous; 38% risk of failure)
Press: ? - help, Shift-Dir - straight line, f - two-headed ogre
Aim: a two-headed ogre, wielding a +0 giant spiked club and a +0 dire flail (chance to affect: 53%)
You miscast Mephitic Cloud.
You are very lightly contaminated with residual magic.
You are caught in an explosion of electrical discharges!
Casting: Mephitic Cloud (dangerous; 38% risk of failure)
Confirm with . or Enter, or press ? or * to list all spells.
Aiming: Mephitic Cloud (dangerous; 38% risk of failure)
Press: ? - help, Shift-Dir - straight line, f/p - two-headed ogre
Aim: a two-headed ogre, wielding a +0 giant spiked club and a +0 dire flail (chance to affect: 53%)
You miscast Mephitic Cloud.
Nothing appears to happen.
The teleport trap disappears.
The two-headed ogre disappears!
You hit the orc warrior but do no damage.
The orc warrior is poisoned.
You tail-slap the orc warrior.
The orc warrior hits you with a +0 war axe!
You barely miss the orc warrior.
Your tail-slap misses the orc warrior.
The orc warrior closely misses you.
You barely miss the orc warrior.
The orc warrior hits you with a +0 war axe!
You barely miss the orc warrior.
The orc warrior hits you with a +0 war axe!
* * * LOW HITPOINT WARNING * * *
You hit the orc warrior but do no damage.
The orc warrior looks as sick as possible!
The orc warrior hits you with a +0 war axe!
* * * LOW HITPOINT WARNING * * *
The orc wizard gestures wildly while chanting.
The orc wizard flickers and vanishes for a moment.
Your magical contamination has completely faded away.
The orc wizard casts a spell at you. The puff of flame hits you!
You die...

Skill      XL: |  1  2  3  4  5  6  7 |
---------------+----------------------+-----
Fighting       | 1 2 3 4 |  4.2
Dodging        | 2 3 |  3.9
Shields        | 1 2 3 |  3.2
Spellcasting   | 4 6 |  6.1
Stealth        | |  1.2
Conjurations   | |  0.8
Summonings     | |  0.7
Translocations | |  1.0

Action                   |  1- 3 |  4- 6 |  7- 9 || total
-------------------------+-------+-------+-------++-------
Melee: Dagger            |   151 |   133 |   159 ||   443
       Tailslap          |    22 |    21 |    28 ||    71
       Punch             |       |       |     1 ||     1
Throw: Dart              |       |       |     6 ||     6
 Cast: Magic Dart        |    22 |    18 |       ||    40
       Call Imp          |     1 |    13 |       ||    14
       Scorch            |       |     1 |       ||     1
 Abil: Rolling Charge    |     5 |     3 |       ||     8
  Use: Scroll            |       |     1 |     5 ||     6
 Stab: Sleeping          |     3 |     1 |     1 ||     5
Armor: Robe              |    64 |    45 |    58 ||   167
Dodge: Dodged            |    66 |    59 |    80 ||   205
Block: Buckler           |    20 |    14 |    12 ||    46

Levels and vault maps discovered:
D:1:      onia_arrival_handbag, layout_loops_ring,
          ebering_ecumenical_altar_ruins, minmay_misc_feat_square
D:2:      layout_basic
D:3:      layout_basic, minmay_fountain_box, uniq_jessica, uniq_grinder
D:4:      layout_loops_corners, minmay_temple_entry_large_hall, serial_shops,
          nicolae_shop_window_shopping
D:5:      layout_basic, overflow_temple_1_default
D:6:      layout_cave_pods, uniq_sigmund, uniq_menkaure
Temple:   mainiacjoe_temple_starburst

Notes
Turn   | Place    | Note
-------+----------+-------------------------------------------
     0 | D:1      | MalarOregon the Palentonga Hedge Wizard began the quest for
                  | the Orb.
     0 | D:1      | Reached XP level 1. HP: 13/13 MP: 4/4
   132 | D:1      | Reached XP level 2. HP: 6/21 MP: 6/6
   420 | D:1      | Reached skill level 1 in Fighting
   701 | D:1      | Reached skill level 2 in Dodging
   867 | D:1      | Reached XP level 3. HP: 17/27 MP: 7/7
   990 | D:1      | Found a faded altar of an unknown god.
  1370 | D:2      | Learned a level 2 spell: Blink
  1373 | D:2      | Learned a level 2 spell: Call Imp
  1377 | D:2      | Learned a level 3 spell: Mephitic Cloud
  1736 | D:2      | Reached skill level 1 in Shields
  1828 | D:2      | Noticed a necrophage
  2510 | D:1      | Reached XP level 4. HP: 18/32 MP: 2/9
  2700 | D:1      | Killed a necrophage
  2701 | D:1      | Reached skill level 2 in Fighting
  2701 | D:1      | Reached XP level 5. HP: 31/41 MP: 2/10
  3432 | D:3      | Noticed Grinder
  3490 | D:3      | You pick up a book of Scorching and begin reading...
  3490 | D:3      | You add the spells Scorch, Flame Wave and Summon Cactus
                  | Giant to your library.
  3494 | D:3      | Learned a level 2 spell: Scorch
  3938 | D:3      | Noticed Jessica
  3942 | D:3      | Killed Jessica
  3943 | D:3      | Reached skill level 4 in Spellcasting
  4549 | D:3      | Identified the +3 dagger of Sobleane {venom, MP+9}
  4649 | D:3      | Killed Grinder
  4650 | D:3      | Reached skill level 3 in Fighting
  4650 | D:3      | Reached skill level 3 in Dodging
  4650 | D:3      | Reached skill level 2 in Shields
  4650 | D:3      | Reached XP level 6. HP: 32/50 MP: 2/13
  5201 | D:4      | Gained mutation: You curl defensively after being hit. (AC
                  | +7*) [Palentonga growth]
  5201 | D:4      | Reached XP level 7. HP: 55/55 MP: 14/14
  5297 | D:4      | Found Xiuda's Book Boutique.
  5385 | D:4      | Reached skill level 5 in Spellcasting
  5571 | D:4      | Found a staircase to the Ecumenical Temple.
  6198 | D:4      | You pick up a book of Burglary and begin reading...
  6198 | D:4      | You add the spells Passwall, Ensorcelled Hibernation and
                  | Swiftness to your library.
  6380 | Temple   | Entered the Ecumenical Temple
  6954 | Temple   | Became a worshipper of the Shining One
  7078 | D:5      | Entered Level 5 of the Dungeon
  7100 | D:5      | Found a sacrificial altar of Ru.
  7421 | D:5      | Noticed a two-headed ogre
  7437 | D:5      | HP: 13/56 [two-headed ogre/+0 giant spiked club (2)]
  7491 | D:5      | HP: 9/56 [two-headed ogre/+0 giant spiked club (13)]
  7766 | D:6      | Reached skill level 4 in Fighting
  7766 | D:6      | Reached skill level 3 in Shields
  8020 | D:6      | Reached * piety under the Shining One
  8087 | D:6      | Reached skill level 6 in Spellcasting
  8087 | D:6      | Reached XP level 8. HP: 27/64 MP: 17/17
  8648 | D:5      | HP: 9/64 [two-headed ogre/+0 giant spiked club (22)]
  8655 | D:5      | HP: 8/64 [orc/+0 flail (2)]
  9070 | D:5      | HP: 9/64 [orc warrior/+0 war axe (12)]
  9074 | D:5      | Killed from afar by an orc wizard

Vanquished Creatures
  Grinder (D:3)
  A centaur (D:4)
  A phantom (D:4)
  A bullfrog (D:6)
  A scorpion (D:4)
  A howler monkey (D:6)
  A centaur zombie (D:6)
  2 centaur skeletons (D:5)
  An orc priest (D:5)
  A bullfrog skeleton (D:5)
  Jessica (D:3)
  2 iguanas
  A hound skeleton (D:5)
  4 adders
  A shadow imp (D:6)
  An ufetubus (D:4)
  An adder skeleton (D:4)
  2 worms
  5 dart slugs
  12 orcs
  7 endoplasms
  10 goblins
  7 hobgoblins
  14 jackals
  4 quokkas
  5 ball pythons
  4 bats
  5 frilled lizards
  10 kobolds
  7 rats
114 creatures vanquished.

Vanquished Creatures (collateral kills)
  2 necrophages
  A gnoll (D:1)
  An adder (D:3)
4 creatures vanquished.

Grand Total: 118 creatures vanquished

Table legend:
 A = Non-vault XP
 B = Vault XP
 C = Vault XP percentage of total XP
 D = Non-vault monster count
 E = Vault monster count
 F = Vault count percentage of total count
                 A         B        C        D         E       F
            +---------+---------+-------+---------+---------+-------
      Total |    1274 |     309 |  19.5 |     112 |       6 |   5.1
            +---------+---------+-------+---------+---------+-------
        D:1 |     193 |       5 |   2.5 |      34 |       4 |  10.5
        D:2 |      56 |       0 |   0.0 |      18 |       0 |   0.0
        D:3 |      47 |     304 |  86.6 |      16 |       2 |  11.1
        D:4 |     532 |       0 |   0.0 |      27 |       0 |   0.0
        D:5 |     199 |       0 |   0.0 |      11 |       0 |   0.0
        D:6 |     247 |       0 |   0.0 |       6 |       0 |   0.0
            +---------+---------+-------+---------+---------+-------

Illustrated notes

Table legend:
 A = Kills in this place as a percentage of kills in entire the game.
 B = Kills by you in this place as a percentage of kills by you in the entire game.
 C = Kills by friends in this place as a percentage of kills by friends in the entire game.
 D = Other kills in this place as a percentage of other kills in the entire game.
 E = Experience gained in this place as a percentage of experience gained in the entire game.
 F = Experience gained in this place divided by the number of levels of this place that you have seen.
                   A       B       C       D       E      F
               +-------+-------+-------+-------+-------+----------------------
         Total | 100.0 | 100.0 | 100.0 |   N/A | 100.0 | 226.1
       Dungeon | 100.0 | 100.0 | 100.0 |   N/A | 100.0 | 263.8
               +-------+-------+-------+-------+-------+----------------------

Table legend: (Time is in decaauts)
 A = Elapsed time spent in this place.
 B = Non-inter-level travel time spent in this place.
 C = Inter-level travel time spent in this place.
 D = Time resting spent in this place.
 E = Time spent auto-exploring this place.
 F = Levels seen in this place.
 G = Mean time per level.
                   A        B        C        D        E       F      G
               +--------+--------+--------+--------+--------+-----+--------+
         Total |   9087 |   8602 |    485 |    943 |   5892 |   7 | 1298.1 |
       Dungeon |   8458 |   8074 |    384 |    943 |   5375 |   6 | 1409.7 |
        Temple |    629 |    528 |    101 |      0 |    517 |   1 |  629.0 |
               +--------+--------+--------+--------+--------+-----+--------+

Top non-repeatable levels by time:
     D:1: 2022 daAuts
     D:4: 1815 daAuts
     D:3: 1504 daAuts
     D:2: 1449 daAuts
     D:5: 894 daAuts
     D:6: 770 daAuts
  Temple: 629 daAuts
